 Dungeon Crawl Stone Soup version 0.28.0-53-g5a82cb258f (webtiles) character file.

Game seed: 1008180287648198429

694 Plasmagod the Slasher (level 7, -1/60 HPs)
             Began as a Gnoll Cinder Acolyte on July 22, 2022.
             Was an Elder of Ignis.
             Slain by a river rat (4 damage)
             ... summoned by Eustachio
             ... on level 5 of the Dungeon.
             The game lasted 00:10:47 (4335 turns).

Plasmagod the Slasher (Gnoll Cinder Acolyte)        Turns: 4335, Time: 00:10:47

Health: -1/60      AC: 11    Str: 14    XL:     7   Next: 64%
Magic:  4/12       EV: 11    Int: 13    God:    Ignis [****..]
Gold:   243        SH:  5    Dex:  9    Spells: 11/13 levels left

rFire   + + .      SeeInvis .   q - +1 falchion (holy)
rCold   + . .      Faith    .   (no shield)
rNeg    . . .      Spirit   .   d - +0 leather armour
rPois   +          Reflect  +   x - +0 helmet
rElec   +          Harm     .   (no cloak)
rCorr   +          Rampage  .   (no gloves)
Will    .....                   (no boots)
Stlth   ++........              o - amulet of reflection
HPRegen 0.20/turn               (no ring)
MPRegen 0.13/turn               (no ring)

@: resistant, fiery-armoured
A: fangs 1, strong nose, distributed training
a: Renounce Religion, Fiery Armour, Foxfire Swarm, Rising Flame


You were on level 5 of the Dungeon.
You worshipped Ignis.
Ignis was greatly pleased with you.
You visited 1 branch of the dungeon, and saw 5 of its levels.

You collected 243 gold pieces.

Inventory:

Hand Weapons
 a - a -1 falchion of flaming
 q - a +1 falchion of holy wrath (weapon)
Missiles
 g - 5 poisoned darts (quivered)
 m - a throwing net
Armour
 d - a +0 leather armour (worn)
 x - a +0 helmet (worn)
Magical Staves
 i - a staff of fire
Jewellery
 o - an amulet of reflection (around neck)
 r - a ring of fire
 s - an amulet of magic regeneration
Scrolls
 b - 2 scrolls of summoning {unknown}
 c - a scroll of amnesia {unknown}
 e - a scroll of fear {unknown}
 f - a scroll of brand weapon {unknown}
 h - a scroll of immolation {unknown}
 j - 2 scrolls of teleportation {unknown}
 k - 3 scrolls of identify {unknown}
 t - a scroll of silence {unknown}
 u - a scroll of fog {unknown}
 v - 2 scrolls of noise {unknown}
Potions
 l - a potion of ambrosia {unknown}
 n - a potion of curing {unknown}
 w - a potion of degeneration {unknown}


   Skills:
 + Level 7.1 Fighting
 + Level 2.6 Short Blades
 + Level 7.1 Long Blades
 + Level 2.6 Axes
 + Level 2.6 Maces & Flails
 + Level 2.6 Polearms
 + Level 2.6 Staves
 + Level 2.6 Slings
 + Level 2.6 Bows
 + Level 2.6 Crossbows
 + Level 2.6 Throwing
 + Level 2.6 Armour
 + Level 2.6 Dodging
 + Level 2.6 Stealth
 + Level 2.6 Shields
 + Level 2.6 Unarmed Combat
 + Level 3.9 Spellcasting
 + Level 2.1 Conjurations
 + Level 2.1 Hexes
 + Level 2.1 Summonings
 + Level 2.1 Necromancy
 + Level 2.1 Translocations
 + Level 2.1 Transmutations
 + Level 5.9 Fire Magic
 + Level 2.1 Ice Magic
 + Level 2.1 Air Magic
 + Level 2.1 Earth Magic
 + Level 2.1 Poison Magic
 + Level 2.9 Invocations
 + Level 2.6 Evocations


You had 11 spell levels left.
You knew the following spells:

 Your Spells              Type           Power      Damage    Failure   Level
a - Scorch                Fire           34%        2d7       3%          2

Your spell library contained the following spells:

 Spells                   Type           Power      Damage    Failure   Level
 Beastly Appendage        Tmut           16%        N/A       11%         1
 Wereblood                Tmut           8%         N/A       16%         2
 Spider Form              Tmut/Pois      8%         N/A       32%         3


Dungeon Overview and Level Annotations

Branches:
Dungeon (5/15)
 Temple: D:4-7

Altars:
Elyvilon
Sif Muna

Annotations:
D:5 Eustachio


Innate Abilities, Weirdness & Mutations

You have very sharp teeth.
Your uncanny sense of smell can sniff out nearby items.
Your experience applies equally to all skills.


Message History

You hit the river rat.
You kill the river rat!
The river rat's corpse disappears in a puff of smoke!
Eustachio casts a spell.
Eustachio blinks!
The river rat bites you.
* * * LOW HITPOINT WARNING * * *
The river rat is burned by your cloak of flames.
The river rat is heavily wounded.
You hit the crimson imp.
The crimson imp convulses.
The crimson imp is heavily wounded.
The crimson imp misses you. The river rat bites you.
* * * LOW HITPOINT WARNING * * *
You hit the crimson imp.
The crimson imp convulses.
You kill the crimson imp!
The crimson imp disappears in a puff of smoke!
The river rat bites you.
* * * LOW HITPOINT WARNING * * *
The river rat is burned by your cloak of flames.
The river rat is severely wounded.
You hit Eustachio but do no damage.
Eustachio is severely wounded.
Eustachio mumbles some strange words.
Eustachio blinks!
The river rat closely misses you.
You closely miss the river rat. Your bite misses the river rat.
The river rat is severely wounded.
Eustachio mumbles some strange words.
The river rat bites you but does no damage.
The river rat is burned by your cloak of flames.
You kill the river rat!
The river rat's corpse disappears in a puff of smoke!
It was a potion of resistance.
You feel protected.
Eustachio mumbles some strange words.
Eustachio blinks!
You closely miss the river rat. Your bite misses the river rat.
The river rat closely misses you.
You barely miss the river rat. You bite the river rat.
The river rat is lightly wounded.
The river rat bites you.
You die...

##.. #...
#..# #..#
#..# #..# ∆
#..#
######@§#
#...§.r.#
#........#
.........#
......>§..
..........#
..........#
...........
#.@.....####


You could see a river rat (summoned).

Vanquished Creatures
  Sigmund (D:2)
  A water moccasin (D:4)
  2 black bears (D:4)
  A water moccasin skeleton (D:4)
  Natasha (twice) (D:2)
  4 gnolls (D:2)
  An adder (D:3)
  An ufetubus (D:4)
  4 dart slugs
  7 orcs
  5 ball pythons
  4 endoplasms
  A giant cockroach (D:3)
  9 goblins
  6 hobgoblins
  2 jackals (D:1)
  2 quokkas (D:1)
  4 bats
  6 frilled lizards
  11 kobolds
  16 rats
90 creatures vanquished.

Notes
Turn   | Place    | Note
-------+----------+-------------------------------------------
     0 | D:1      | Plasmagod the Gnoll Cinder Acolyte began the quest for the
                  | Orb.
     0 | D:1      | Reached XP level 1. HP: 23/23 MP: 4/4
   244 | D:1      | Reached XP level 2. HP: 27/29 MP: 5/5
   322 | D:1      | Found a faded altar of an unknown god.
   700 | D:1      | Reached XP level 3. HP: 35/35 MP: 7/7
  1176 | D:2      | Reached skill level 1 in Invocations
  1228 | D:2      | Learned a level 2 spell: Scorch
  1418 | D:2      | Reached skill level 1 in Short Blades
  1418 | D:2      | Reached skill level 1 in Axes
  1418 | D:2      | Reached skill level 1 in Maces & Flails
  1418 | D:2      | Reached skill level 1 in Polearms
  1418 | D:2      | Reached skill level 1 in Staves
  1418 | D:2      | Reached skill level 1 in Slings
  1418 | D:2      | Reached skill level 1 in Bows
  1418 | D:2      | Reached skill level 1 in Crossbows
  1418 | D:2      | Reached skill level 1 in Throwing
  1418 | D:2      | Reached skill level 1 in Armour
  1418 | D:2      | Reached skill level 1 in Dodging
  1418 | D:2      | Reached skill level 1 in Stealth
  1418 | D:2      | Reached skill level 1 in Shields
  1418 | D:2      | Reached skill level 1 in Unarmed Combat
  1418 | D:2      | Reached skill level 1 in Evocations
  1426 | D:2      | Reached XP level 4. HP: 23/41 MP: 2/8
  1671 | D:2      | Noticed Natasha
  1678 | D:2      | Killed Natasha
  1679 | D:2      | Reached skill level 1 in Conjurations
  1679 | D:2      | Reached skill level 1 in Hexes
  1679 | D:2      | Reached skill level 1 in Summonings
  1679 | D:2      | Reached skill level 1 in Necromancy
  1679 | D:2      | Reached skill level 1 in Translocations
  1679 | D:2      | Reached skill level 1 in Transmutations
  1679 | D:2      | Reached skill level 1 in Ice Magic
  1679 | D:2      | Reached skill level 1 in Air Magic
  1679 | D:2      | Reached skill level 1 in Earth Magic
  1679 | D:2      | Reached skill level 1 in Poison Magic
  1748 | D:2      | Noticed Sigmund
  1756 | D:2      | Killed Sigmund
  1757 | D:2      | Reached XP level 5. HP: 24/47 MP: 4/10
  1757 | D:2      | Reached XP level 6. HP: 27/53 MP: 4/11
  1930 | D:2      | Noticed Natasha
  1934 | D:2      | Killed Natasha
  2761 | D:3      | Found a white marble altar of Elyvilon.
  3321 | D:4      | Noticed a black bear
  3326 | D:4      | Killed a black bear
  3327 | D:4      | Reached XP level 7. HP: 59/59 MP: 5/12
  3762 | D:4      | Found a shimmering blue altar of Sif Muna.
  4058 | D:5      | Entered Level 5 of the Dungeon
  4059 | D:5      | Noticed Eustachio
  4330 | D:5      | HP: 2/60 [river rat[Eustachio] (5)]
  4335 | D:5      | Slain by a river rat

Illustrated notes

Levels and vault maps discovered:
D:1:      lemuel_arrival_river_bridge, layout_rooms,
          dreamdust_ecumenical_altar_angels_and_demons, minmay_rat_gold_closets
D:2:      layout_loops_cross, uniq_sigmund, uniq_natasha
D:3:      layout_basic, mainiacjoe_overflow_chevrons, minmay_bisected
D:4:      layout_basic, lemuel_coloured_pillars_altar
D:5:      layout_rooms, nicolae_shop_self_help, uniq_eustachio

Skill      XL: |  1  2  3  4  5  6  7 |
---------------+----------------------+-----
Invocations    | 1 2 |  2.9
Short Blades   | 1 2 |  2.6
Axes           | 1 2 |  2.6
Maces & Flails | 1 2 |  2.6
Polearms       | 1 2 |  2.6
Staves         | 1 2 |  2.6
Slings         | 1 2 |  2.6
Bows           | 1 2 |  2.6
Crossbows      | 1 2 |  2.6
Throwing       | 1 2 |  2.6
Armour         | 1 2 |  2.6
Dodging        | 1 2 |  2.6
Stealth        | 1 2 |  2.6
Shields        | 1 2 |  2.6
Unarmed Combat | 1 2 |  2.6
Evocations     | 1 2 |  2.6
Spellcasting   | 3 |  3.9
Conjurations   | 1 2 |  2.1
Hexes          | 1 2 |  2.1
Summonings     | 1 2 |  2.1
Necromancy     | 1 2 |  2.1
Translocations | 1 2 |  2.1
Transmutations | 1 2 |  2.1
Ice Magic      | 1 2 |  2.1
Air Magic      | 1 2 |  2.1
Earth Magic    | 1 2 |  2.1
Poison Magic   | 1 2 |  2.1
Fighting       | 7 |  7.1
Long Blades    | 7 |  7.1
Fire Magic     | |  5.9

Action                   |  1- 3 |  4- 6 |  7- 9 || total
-------------------------+-------+-------+-------++-------
Melee: Falchion          |    81 |    97 |    53 ||   231
       Bite              |     7 |     9 |     6 ||    22
       Punch             |       |     2 |       ||     2
 Cast: Scorch            |     3 |    11 |    11 ||    25
Invok: Fiery Armour      |     2 |       |     2 ||     4
  Use: Potion            |       |       |     1 ||     1
 Stab: Sleeping          |     1 |     2 |       ||     3
Armor: Robe              |     6 |       |       ||     6
       Leather armour    |    13 |    18 |    11 ||    42
Dodge: Dodged            |    35 |    31 |    44 ||   110
Block: Other             |       |    16 |    16 ||    32
       Reflection        |       |     1 |       ||     1
